 Dungeon Crawl Stone Soup version 0.30-a0-723-gc1506a1cf0 (webtiles) character file.

Game seed: 14086634619544787007

697 PriceMaster the Magician (level 7, -4/43 HPs)
             Began as an Octopode Conjurer on Jan 28, 2023.
             Slain by Duvessa
             ... wielding a +0 rapier
              (9 damage)
             ... on level 5 of the Dungeon.
             The game lasted 00:10:19 (4239 turns).

PriceMaster the Magician (Octopode Conjurer)        Turns: 4239, Time: 00:10:19

Health: -4/43      AC:  1    Str:  7    XL:     7   Next: 65%
Magic:  3/15       EV: 13    Int: 22    God:
Gold:   33         SH:  0    Dex: 10    Spells: 11/17 levels left

rFire   x . .      SeeInvis .    j - +1 dagger
rCold   + . .      Faith    .    (no shield)
rNeg    . . .      Spirit   .    (helmet restricted)
rPois   +          Reflect  .    (no amulet)
rElec   .          Harm     .    f - ring of ice
rCorr   .          Rampage  .    r - ring of poison resistance
Will    .....                    (no ring)
Stlth   +++                      (no ring)
HPRegen 0.27/turn                (no ring)
MPRegen 0.14/turn                (no ring)
                                 (no ring)
                                 (no ring)

@: mighty, about to teleport
A: almost no armour, amphibious, 8 rings, camouflage 1, gelatinous body 1,
(nimble swimmer 1), tentacles
a: no special abilities


You were on level 5 of the Dungeon.
You visited 1 branch of the dungeon, and saw 5 of its levels.

You collected 138 gold pieces.
You spent 105 gold pieces at shops.

Inventory:

Hand Weapons
 j - a +1 dagger (weapon)
Missiles
 a - 6 atropa-tipped darts
Jewellery
 f - a ring of ice (left tentacle)
 r - a ring of poison resistance (right tentacle)
Wands
 t - a wand of flame (16)
Scrolls
 h - 3 scrolls of enchant weapon
 i - a scroll of magic mapping
 k - 2 scrolls of identify
 o - a scroll of vulnerability {unknown}
 q - a scroll of enchant armour {unknown}
 s - a scroll of noise {unknown}
 v - a scroll of poison
 w - a scroll of brand weapon {unknown}
Potions
 b - a potion of brilliance
 e - a potion of degeneration {unknown}
 g - a potion of curing {unknown}
 l - a potion of mutation {unknown}
 u - a potion of magic


   Skills:
 + Level 1.0 Fighting
 + Level 2.0 Short Blades
 + Level 2.5 Dodging
 + Level 3.4 Stealth
 * Level 5.8 Spellcasting
 + Level 5.6 Conjurations
 + Level 1.0 Evocations


You had 11 spell levels left.
You knew the following spells:

 Your Spells              Type           Power      Damage    Failure   Level
a - Magic Dart            Conj           100%       1d8       1%          1
b - Searing Ray           Conj           62%        2d6       1%          2
c - Dazzling Flash        Conj/Hex       36%        N/A       9%          3

Your spell library contained the following spells:

 Spells                   Type           Power      Damage    Failure   Level
 Mephitic Cloud           Conj/Pois/Air  14%        N/A       13%         3
 Call Imp                 Summ           6%         N/A       14%         2
 Fulminant Prism          Conj/Hex       9%         3d7       28%         4
 Iskenderun's Mystic Bla  Conj/Tloc      18%        2d6       28%         4


Dungeon Overview and Level Annotations

Branches:
Dungeon (5/15)
 Temple: D:4-7

Altars:

Shops:
D:3 (   D:4 ?

Annotations:
D:5 Duvessa


Innate Abilities, Weirdness & Mutations

You cannot wear most types of armour.
You are amphibious.
You can wear up to eight rings at the same time.
Your skin changes colour to match your surroundings (Stealth+).
Your rubbery body absorbs attacks. (AC +1, EV +1)
((You are camouflaged when in or above water. (Stealth+)))
You have tentacles for arms and can constrict up to eight enemies at once.


Message History

You kill the gnoll! (Press . to maintain the ray.)
You hear a shout!
The gnoll barely misses you.
The gnoll hits you from afar with a +0 spear!
Your Fighting skill increases to level 1!
Casting: Searing Ray (safe; 1% risk of failure)
Confirm with . or Enter, or press ? or * to list all spells.
Restarting spell: Searing Ray (safe; 1% risk of failure)
Press: ? - help, Shift-Dir - straight line, f - gnoll
Aim: a gnoll, wielding a +0 spear (82% to hit)
Okay, then.
Casting: Searing Ray (safe; 1% risk of failure)
Confirm with . or Enter, or press ? or * to list all spells.
Aiming: Searing Ray (safe; 1% risk of failure)
Press: ? - help, Shift-Dir - straight line, f - gnoll
Aim: a gnoll, wielding a +0 spear (moderately wounded, 82% to hit)
Okay, then.
Casting: Searing Ray (safe; 1% risk of failure)
Confirm with . or Enter, or press ? or * to list all spells.
Aiming: Searing Ray (safe; 1% risk of failure)
Press: ? - help, Shift-Dir - straight line, f - gnoll
Aim: a gnoll, wielding a +0 spear (moderately wounded, 82% to hit)
Okay, then.
It was a potion of might.
You feel very mighty all of a sudden.
The gnoll hits you from afar with a +0 spear.
* * * LOW HITPOINT WARNING * * *
Casting: Searing Ray (safe; 1% risk of failure)
Confirm with . or Enter, or press ? or * to list all spells.
Aiming: Searing Ray (safe; 1% risk of failure)
Press: ? - help, Shift-Dir - straight line, f - gnoll
Aim: a gnoll, wielding a +0 spear (moderately wounded, 82% to hit)
Okay, then.
As you read the scroll of teleportation, it crumbles to dust.
You feel strangely unstable.
The gnoll hits you from afar with a +0 spear.
* * * LOW HITPOINT WARNING * * *
Duvessa attacks as you move away! Duvessa hits you with a +0 rapier!
You die...

#......#######...D...#
#............#..§....#
#............#..§....#
#............#..§....#
#......###...#.......#+####
#......###...##+###........
#.................#........
#.................#........
#......gge@.......#.......$
#####.)###..######....<...
#.. #†.##..#........# #...
#......#........# #...
#......#........# #...
#......# #... #......# #...
#......# #......#


You could see Duvessa (berserk) and 2 gnolls.

Vanquished Creatures
  Grinder (D:4)
  Eustachio (D:4)
  A necrophage (D:5)
  Dowan (D:5)
  Jessica (D:3)
  Terence (D:3)
  Natasha (thrice) (D:3)
  A gnoll (D:5)
  4 adders
  4 worms
  A dart slug (D:2)
  2 orcs
  8 ball pythons
  5 bats
  10 endoplasms
  4 giant cockroaches
  4 goblins
  7 hobgoblins
  4 jackals (D:5)
  2 quokkas
  3 frilled lizards
  4 kobolds
  7 rats
79 creatures vanquished.

Notes
Turn   | Place    | Note
-------+----------+-------------------------------------------
     0 | D:1      | PriceMaster the Octopode Conjurer began the quest for the
                  | Orb.
     0 | D:1      | Reached XP level 1. HP: 11/11 MP: 3/3
   393 | D:1      | Reached XP level 2. HP: 17/17 MP: 3/5
  1051 | D:2      | Reached XP level 3. HP: 21/21 MP: 3/6
  1710 | D:3      | Reached XP level 4. HP: 12/27 MP: 0/8
  1819 | D:3      | Learned a level 2 spell: Searing Ray
  2236 | D:3      | Noticed Natasha
  2241 | D:3      | Killed Natasha
  2297 | D:3      | Noticed Jessica
  2301 | D:3      | Killed Jessica
  2302 | D:3      | Reached skill level 1 in Short Blades
  2302 | D:3      | Reached XP level 5. HP: 31/31 MP: 5/10
  2351 | D:3      | Found Ucon's Weapon Shoppe.
  2469 | D:3      | Noticed Natasha
  2473 | D:3      | Killed Natasha
  2505 | D:3      | Noticed Terence
  2508 | D:3      | Noticed Natasha
  2515 | D:3      | Killed Terence
  2515 | D:3      | Killed Natasha
  2844 | D:4      | Found Xyor's Magic Scroll Boutique.
  3031 | D:4      | Reached skill level 5 in Conjurations
  3054 | D:4      | Reached XP level 6. HP: 36/36 MP: 8/12
  3205 | D:4      | Noticed Grinder
  3220 | D:4      | Killed Grinder
  3221 | D:4      | Reached skill level 5 in Spellcasting
  3372 | D:4      | Noticed Eustachio
  3483 | D:3      | Learned a level 3 spell: Dazzling Flash
  3610 | D:4      | Bought a scroll of blinking for 105 gold pieces
  3721 | D:4      | Killed Eustachio
  3722 | D:4      | Reached XP level 7. HP: 27/42 MP: 8/15
  3921 | D:5      | Entered Level 5 of the Dungeon
  3924 | D:5      | Noticed a steam dragon
  4220 | D:5      | Noticed Dowan
  4228 | D:5      | Noticed Duvessa
  4232 | D:5      | Killed Dowan
  4233 | D:5      | Reached skill level 1 in Evocations
  4235 | D:5      | Reached skill level 1 in Fighting
  4239 | D:5      | Slain by Duvessa

Illustrated notes

Levels and vault maps discovered:
D:1:      minmay_arrival_open_corners, layout_loops_ring
D:2:      layout_rooms, minmay_three_crescents
D:3:      layout_basic, serial_shops, shop_fountains, uniq_jessica,
          uniq_natasha, uniq_terence
D:4:      layout_loops_ring, serial_shops, nicolae_shop_window_shopping,
          uniq_grinder, uniq_eustachio
D:5:      layout_gridville, minmay_temple_entry_fiery, uniq_duvessa,
          uniq_blork_the_orc

Skill      XL: |  1  2  3  4  5  6  7 |
---------------+----------------------+-----
Spellcasting   | 3 4 5 |  5.8
Short Blades   | 1 2 |  2.0
Stealth        | 3 |  3.4
Conjurations   | 5 |  5.6
Evocations     | 1 |  1.0
Fighting       | 1 |  1.0
Dodging        | |  2.5

Action                     |  1- 3 |  4- 6 |  7- 9 || total
---------------------------+-------+-------+-------++-------
  Melee: Unarmed           |    12 |       |       ||    12
         Tentacles         |     8 |       |     1 ||     9
         Dagger            |    15 |     2 |     2 ||    19
         Constrict         |     5 |       |     1 ||     6
   Cast: Magic Dart        |    59 |    59 |    25 ||   143
         Searing Ray       |       |    12 |     6 ||    18
         Dazzling Flash    |       |       |     1 ||     1
  Evoke: Wand              |       |    10 |       ||    10
    Use: Scroll            |     1 |     4 |     3 ||     8
         Potion            |       |     6 |     5 ||    11
 Armour: Skin              |     2 |     1 |       ||     3
  Dodge: Dodged            |    21 |     7 |    13 ||    41

Table legend: (Time is in decaauts)
 A = Elapsed time spent in this place.
 B = Non-inter-level travel time spent in this place.
 C = Inter-level travel time spent in this place.
 D = Time resting spent in this place.
 E = Time spent auto-exploring this place.
 F = Levels seen in this place.
 G = Mean time per level.
                   A        B        C        D        E       F      G
               +--------+--------+--------+--------+--------+-----+--------+
         Total |   4221 |   4067 |    154 |    350 |   3084 |   5 |  844.2 |
       Dungeon |   4221 |   4067 |    154 |    350 |   3084 |   5 |  844.2 |
               +--------+--------+--------+--------+--------+-----+--------+

Top non-repeatable levels by time:
     D:3: 1168 daAuts
     D:4: 946 daAuts
     D:2: 899 daAuts
     D:1: 889 daAuts
     D:5: 317 daAuts
